 Dungeon Crawl Stone Soup version 0.21.1-1-g345015f (webtiles) character file.

53 Lilu the Conjurer (level 3, -4/19 HPs)
             Began as a Deep Elf Conjurer on July 25, 2018.
             Slain by an ogre
             ... wielding a +0 giant club
              (23 damage)
             ... on level 2 of the Dungeon.
             The game lasted 00:04:24 (1205 turns).

Lilu the Conjurer (Deep Elf Conjurer)               Turns: 1205, Time: 00:04:24

Health: -4/19      AC:  3    Str:  6    XL:     3   Next: 64%
Magic:  4/9        EV: 13    Int: 19    God:
Gold:   67         SH:  0    Dex: 15    Spells: 5/8 levels left

rFire    . . .     SeeInvis .   g - +0 short sword
rCold    . . .     Gourm    .   (no shield)
rNeg     . . .     Faith    .   a - +0 robe
rPois    .         Spirit   .   j - +0 hat
rElec    .         Reflect  .   (no cloak)
rCorr    .         Harm     .   (no gloves)
MR       .....                  f - +0 pair of boots
Stlth    ++........             (no amulet)
HPRegen  0.06/turn              (no ring)
MPRegen  0.11/turn              (no ring)

@: very slightly contaminated
A: no striking features
a: no special abilities


You were on level 2 of the Dungeon.
You were not hungry.

You visited 1 branch of the dungeon, and saw 3 of its levels.

You collected 67 gold pieces.

Inventory:

Hand Weapons
 g - a +0 short sword (weapon)
Missiles
 d - 4 stones (quivered)
 n - 3 poisoned needles
Armour
 a - a +0 robe (worn)
 e - a +0 large shield
 f - a +0 pair of boots (worn)
 j - a +0 hat (worn)
Scrolls
 h - a scroll of magic mapping {unknown}
 i - 2 scrolls of noise {unknown}
 k - 2 scrolls of identify {unknown}
 m - a scroll of amnesia {unknown}
 p - a scroll of enchant armour {unknown}
Potions
 l - a potion of might {unknown}
Books
 b - a book of Conjurations

   Spells                             Type                      Level
   a - Magic Dart                     Conjuration                  1
   b - Searing Ray                    Conjuration                  2
   c - Dazzling Spray                 Conjuration/Hexes            3
   d - Fulminant Prism                Conjuration/Hexes            4
   e - Force Lance                    Conjuration/Translocation    4
   f - Iskenderun's Mystic Blast      Conjuration                  4
Comestibles
 c - 7 rations
 o - 6 chunks of flesh


   Skills:
 - Level 2.4 Dodging
 - Level 2.4 Stealth
 - Level 3.0 Spellcasting
 + Level 5.9 Conjurations


You had 5 spell levels left.
You knew the following spells:

 Your Spells              Type           Power        Failure   Level  Hunger
a - Magic Dart            Conj           ####         1%          1    None
b - Searing Ray           Conj           ####..       1%          2    ##.....


Dungeon Overview and Level Annotations

Branches:
Dungeon (3/15)

Altars:
The Shining One

Annotations:
D:1 1 runed door, exclusion: door


Message History

The searing ray hits the adder.
The adder is severely wounded. (Press . to maintain the ray.)
The searing ray hits the adder.
You kill the adder!
A giant cockroach and an ogre come into view.
The ogre shouts!
A bat comes into view.
Found 10 gold pieces.
The bat misses you. The bat closely misses you.
Casting: Searing Ray
Confirm with . or Enter, or press ? or * to list all spells.
Aiming: Magic Dart
Press: ? - help, Shift-Dir - straight line, f - bat
Aim: a bat The magic dart hits the bat.
You kill the bat!
The ogre hits you with a giant club!!
Ouch! That really hurt!
You die...

.#.##.# #. #†..... ...##.##
###.####.# .#.....#
######........# ##.##..#
$.......###.### ##.##..#
###.##...###.##
.......#####............s.)#
.......................##..#
##.##.######.###†###.......#
##.##.# #@###..#.##.#
##.##.# #.O.........#
##.##.# ########.####
##.##.#### #.# .........#
######.# ##.#####.# #......#
# ### #.# #.####.# .. #.#
#.# ##.# #. #.# #.#....#


You could see an ogre.

Vanquished Creatures
  2 adders (D:2)
  2 worms (D:2)
  A leopard gecko (D:1)
  5 bats (D:2)
  2 giant cockroaches
  2 goblins (D:1)
  2 hobgoblins (D:1)
  4 jackals (D:1)
  2 quokkas (D:2)
  3 kobolds
  3 rats
28 creatures vanquished.

Notes
Turn   | Place    | Note
-------+----------+-------------------------------------------
     0 | D:1      | Lilu the Deep Elf Conjurer began the quest for the Orb.
     0 | D:1      | Reached XP level 1. HP: 10/10 MP: 6/6
     1 | D:1      | Found a runed door.
    31 | D:1      | Found a glowing golden altar of the Shining One.
   465 | D:1      | Reached XP level 2. HP: 15/15 MP: 0/8
   595 | D:1      | Reached skill level 5 in Conjurations
   599 | D:1      | Learned a level 2 spell: Searing Ray
   969 | D:2      | Reached XP level 3. HP: 19/19 MP: 6/9
  1193 | D:2      | Noticed an ogre
  1205 | D:2      | Slain by an ogre

Skill      XL: |  1  2 |
---------------+-------+-----
Conjurations   | 5 |  5.9
Dodging        | |  2.4
Stealth        | |  2.4
Spellcasting   | |  3.0

Action                   || total
-------------------------++-------
 Cast: Magic Dart        ||    39
       Searing Ray       ||     4
  Eat: Chunk             ||     1
Armor: Robe              ||     4
Dodge: Dodged            ||     8
